 Dungeon Crawl Stone Soup version 0.18-a0-1353-gf2a912f (webtiles) character file.

332 Oddball22 the Insei (level 6, -1/42 HPs)
             Began as an Octopode Transmuter on Feb 19, 2016.
             Slain by an orc
             ... wielding a +0 war axe
              (4 damage)
             ... on level 3 of the Dungeon.
             The game lasted 00:06:13 (2869 turns).

Oddball22 the Insei (Octopode Transmuter)           Turns: 2869, Time: 00:06:13

Health: -1/42      AC:  1    Str: 10    XL:     6   Next: 52%
Magic:  7/9        EV: 14    Int: 15    God:
Gold:   151        SH:  0    Dex: 14    Spells: 3 memorised, 3 levels left

rFire  . . .     SeeInvis .     f - +0 scythe
rCold  . . .     Gourm    .     (shield currently unavailable)
rNeg   . . .     Faith    .     (helmet restricted)
rPois  .         Spirit   .     (no amulet)
rElec  .         Dismiss  .     (no ring)
rCorr  .         Reflect  .     (no ring)
SustAt .         Harm     .     (no ring)
MR     .....                    (no ring)
Stlth  ++........               (no ring)
                                (no ring)
                                (no ring)
                                (no ring)

@: not resistant to hostile enchantments, unstealthy
A: almost no armour, amphibious, 8 rings, constrict 8, camouflage 1, gelatinous
body 1
a: no special abilities


You were on level 3 of the Dungeon.
You were not hungry.

You visited 1 branch of the dungeon, and saw 3 of its levels.

You collected 151 gold pieces.

Inventory:

Hand Weapons
 f - a +0 scythe (weapon)
Missiles
 a - 55 arrows
 i - 39 bolts
Scrolls
 d - a scroll of amnesia {unknown}
 g - 3 scrolls of identify {unknown}
 h - a scroll of remove curse {unknown}
 j - a scroll of magic mapping {unknown}
 l - a scroll of blinking {unknown}
 m - a scroll of fear {unknown}
 n - a scroll of noise {unknown}
Potions
 e - a potion of agility {unknown}
Books
 b - a book of Changes

   Spells                             Type                      Level
   a - Beastly Appendage              Transmutation                1
   b - Sticks to Snakes               Transmutation                2
   c - Spider Form                    Transmutation/Poison         3
   d - Ice Form                       Ice/Transmutation            4
   e - Blade Hands                    Transmutation                5
Comestibles
 c - 4 bread rations
 k - 4 chunks of flesh
 o - a meat ration


   Skills:
 + Level 3.0 Fighting
 + Level 3.8 Dodging
 * Level 5.4 Unarmed Combat
 - Level 2.0 Spellcasting
 - Level 2.0 Transmutations


You had 3 spell levels left.
You knew the following spells:

 Your Spells              Type           Power        Failure   Level  Hunger
a - Beastly Appendage     Trmt           #.....       12%         1    #......
b - Sticks to Snakes      Trmt           #.......     14%         2    ###....
c - Spider Form           Trmt/Pois      #.........   43%         3    ###....


Dungeon Overview and Level Annotations

Branches:
Dungeon (3/15)

Altars:
Elyvilon
Nemelex Xobeh


Innate Abilities, Weirdness & Mutations

You cannot wear most types of armour.
You are amphibious.
You can wear up to eight rings at the same time.
You can use your tentacles to constrict eight enemies at once.
Your skin changes colour to match your surroundings (Stealth).
Your rubbery body absorbs attacks (AC +1).


Message History

The orc priest is almost dead.
The orc priest hits you with a hand axe.
You hit the orc priest but do no damage.
The orc priest is almost dead.
You kill the orc priest!
You hit the kobold.
You kill the kobold!
The orc throws a tomahawk.
The tomahawk hits you.
The orc throws a tomahawk.
The tomahawk completely misses you.
Items here: )) [ †† a whip; a hand axe; a leather armour; a kobold corpse; an orc corpse The orc closely misses you.
You barely miss the orc.
Your transformation has ended.
Your +0 scythe unmelds from your body.
The orc hits you with a war axe!
* * * LOW HITPOINT WARNING * * *
You barely miss the orc. You grab the orc. You squeeze the orc.
The orc is heavily wounded.
You constrict the orc. The orc hits you with a war axe.
You die...

######### ####
##... ...# #...
.o...##.#######.##
#o# ..............
#@# ##.#...###.##
#)# #......##.##
#(#####.#...###.##
#(...)..##.## #...
##########.# ####
#.# ##+# ##...## #
##.....## #


You could see an orc wizard and an orc.

Vanquished Creatures
  Sigmund (D:2)
  An orc priest (D:3)
  Terence (D:3)
  3 adders
  3 oozes
  A worm (D:2)
  3 giant geckos
  4 orcs (D:3)
  6 giant cockroaches
  6 goblins
  10 hobgoblins
  6 jackals (D:2)
  4 bats
  2 giant newts (D:2)
  5 kobolds
  6 rats
62 creatures vanquished.

Notes
Turn   | Place    | Note
--------------------------------------------------------------
     0 | D:1      | Oddball22 the Octopode Transmuter began the quest for the Orb.
     0 | D:1      | Reached XP level 1. HP: 13/13 MP: 3/3
   162 | D:1      | Reached XP level 2. HP: 16/18 MP: 5/5
   747 | D:1      | Reached XP level 3. HP: 23/23 MP: 6/6
   938 | D:2      | Noticed Sigmund
  1158 | D:1      | Learned a level 2 spell: Sticks to Snakes
  1162 | D:1      | Learned a level 3 spell: Spider Form
  1237 | D:2      | Killed Sigmund
  1237 | D:2      | Reached skill level 4 in Unarmed Combat
  1237 | D:2      | Reached XP level 4. HP: 15/30 MP: 0/7
  1237 | D:2      | Reached XP level 5. HP: 17/35 MP: 0/8
  1727 | D:2      | Reached XP level 6. HP: 33/41 MP: 9/9
  1795 | D:2      | Reached skill level 5 in Unarmed Combat
  1923 | D:2      | Found a sparkling altar of Nemelex Xobeh.
  2577 | D:3      | Noticed Terence
  2587 | D:3      | Killed Terence
  2630 | D:3      | Found a white marble altar of Elyvilon.
  2869 | D:3      | Slain by an orc

Vault maps used:
D:1:      mrwooster_arrival_arrow, minmay_ruptured
D:2:      nemelex_altar_shiori, first_bread, uniq_sigmund
D:3:      grunt_temple_overflow_open, elyvilon_altar_4, uniq_terence

Action                   |  1- 3 |  4- 6 || total
-------------------------+-------+-------++-------
Melee: Unarmed           |    56 |    14 ||    70
       Scythe            |       |    81 ||    81
 Cast: Beastly Appendage |     5 |     5 ||    10
       Spider Form       |     1 |     2 ||     3
  Use: Potion            |     2 |       ||     2
 Stab: Sleeping          |     4 |     5 ||     9
  Eat: Chunk             |     1 |     6 ||     7
